Cogmind - Beta 13 @@@ ROGUE MODE // 2024.04.02 @ 23:35:00 Player: SovietPaperclip Result: Destroyed by G-47 Trooper with Particle Gun Performance ------------- Evolutions (0) 0 Regions Visited (3) 600 Robots Destroyed (28) 140 Value Destroyed (595) 595 Prototype IDs (2) 40 Alien Tech Used (0) 0 Bonus (0) 0 TOTAL SCORE: 1375 Bonus ------- None Cogmind --------- Core Integrity 0/250 Matter 300/300 Energy 82/100 System Corruption 0% Temperature Cool (9) Movement Treading (240) Ox1 Location -10/Subcaves Parts ------- > --- POWER (1) -------- (None) > --- PROPULSION (2) --- Light Treads > --- UTILITY (2) ------ Improved Heat Sink Large Storage Unit > --- WEAPON (2) ------- Advanced Beam Cannon Advanced Beam Cannon > --- INVENTORY (15) --- Light Treads Improved Treads Improved Treads Medium Storage Unit Medium Battery (150) Large Matter Pod (150) Structural Scanner Subdweller Optics Experimental Sensor Array Hacking Suite Decoy Drone Bay Advanced Beam Cannon Advanced Beam Cannon Grenade Launcher Peak State ------------ > --- POWER ------------ Light Nuclear Core > --- PROPULSION ------- Light Treads Improved Treads > --- UTILITY ---------- Improved Heat Sink Large Storage Unit > --- WEAPON ----------- Advanced Beam Cannon Advanced Beam Cannon > --- INVENTORY -------- Light Treads Improved Treads Improved Treads Wheel Medium Storage Unit Medium Battery Large Matter Pod Structural Scanner Experimental Sensor Array Hacking Suite Decoy Drone Bay Advanced Beam Cannon Advanced Beam Cannon Grenade Launcher [Rating: 20] Favorites ----------- Power Ion Engine Engine Ion Engine Power Core Light Nuclear Core Propulsion Improved Treads Treads Improved Treads Leg Aluminum Leg Flight Unit Improved Flight Unit Utility Large Storage Unit Device Improved Heat Sink Storage Large Storage Unit Processor Targeting Computer Weapon Advanced Beam Cannon Energy Gun Medium Laser Energy Cannon Advanced Beam Cannon Ballistic Gun Light Assault Rifle Build | -11 -10 -10 -10 ------- Run | Yrd Mat Min Sub Slots Evolved . | . . . . Power . | . . . . Propulsion . | . . . . Utility . | . . . . Weapon . | . . . . Parts Attached 21 | 7 10 4 . Power 4 | 2 . 2 . Engine 3 | 2 . 1 . Core 1 | . . 1 . Reactor . | . . . . Propulsion 7 | 2 4 1 . Treads 4 | . 3 1 . Leg 2 | 2 . . . Wheel . | . . . . Hover . | . . . . Flight 1 | . 1 . . Utility 4 | 1 2 1 . Device 1 | . . 1 . Storage 2 | 1 1 . . Processor 1 | . 1 . . Hackware . | . . . . Protection . | . . . . Artifact . | . . . . Weapon 6 | 2 4 . . Energy Gun 2 | 2 . . . Energy Cannon 2 | . 2 . . Ballistic Gun 2 | . 2 . . Ballistic Cannon . | . . . . Launcher . | . . . . Special Weapon . | . . . . Impact Weapon . | . . . . Slashing Weapon . | . . . . Piercing Weapon . | . . . . Special Melee Weapon . | . . . . Unidentified Prototypes 2 | . 2 . . Parts Lost 4 | . . 2 2 Power 3 | . . 2 1 Propulsion 1 | . . . 1 Utility . | . . . . Weapon . | . . . . Highest Loss Streak 2 | . . 1 2 To Critical Strikes . | . . . . Average Slot Usage (%) 93 | . 97 88 100 Engine 10 | . 14 8 . Core 2 | . . 4 14 Treads 22 | . 16 28 28 Leg 5 | . 11 . . Device 2 | . . 3 14 Storage 14 | . 14 14 14 Processor 5 | . 11 . . Energy Gun 2 | . 4 . . Energy Cannon 21 | . 14 28 28 Ballistic Gun 4 | . 9 . . Naked Turns . | . . . . Heaviest Build 34 | 13 33 34 34 Greatest Support 46 | 20 46 46 43 Greatest Overweight (x) 1 | . . 1 . Average Overweight (x) . | . . . . Largest Inventory Capacity 15 | 8 15 15 15 Average Capacity 13 | 7 12 15 15 Most Carried 15 | 3 14 15 15 Average Carried 11 | 1 8 14 15 Final Capacity 15 | 8 15 15 15 Final Carried 15 | 2 14 15 15 Class Distribution -------------------- 100% | Mutant Dominant Class ---------------- Mutant | -10/Materials Mutant | -10/Mines Mutant | -10/Subcaves Resources | -11 -10 -10 -10 ----------- Run | Yrd Mat Min Sub Matter Collected 676 | 171 399 106 . Remotely . | . . . . Salvage Created 830 | . 426 357 47 Parts 62 | . 37 23 2 Haulers Intercepted 1 | . 1 . . Recyclers Shooed . | . . . . Parts Field Recycled . | . . . . Retrieved Matter . | . . . . Parts Self-Destructed 6 | . . . 6 Prevented . | . . . . Kills | -11 -10 -10 -10 ------- Run | Yrd Mat Min Sub Combat Hostiles Destroyed 21 | . 9 11 1 Guns 5 | . 5 . . Cannons 15 | . 4 10 1 Classes Destroyed 8 | . 7 . 1 Builder 1 | . 1 . . Hauler 1 | . 1 . . Recycler 1 | . 1 . . Operator 1 | . 1 . . Watcher 3 | . 3 . . Swarmer 11 | . 6 5 . Grunt 9 | . 3 6 . Subdweller 1 | . . . 1 Best Kill Streak 3 | . 3 2 1 Combat Bots Only 3 | . 3 2 1 Max Kills in Single Turn 1 | . 1 1 1 Gunslinging . | . . . . Exploded . | . . . . Melee . | . . . . Uniques/NPCs Destroyed . | . . . . Combat | -11 -10 -10 -10 -------- Run | Yrd Mat Min Sub Hostile Shots Fired 125 | . 52 49 24 Missed 38 | . 16 11 11 Damage Taken 1011 | . 389 415 207 Core 257 | . 95 76 86 Absorbed by Shields . | . . . . Core Remaining (%) 100 | 100 . . . Volleys Fired 86 | . 43 36 7 Largest 2 | . 2 2 2 Hottest 136 | . 136 136 136 Shots Fired 148 | . 82 52 14 Gun 64 | . 64 . . Cannon 84 | . 18 52 14 Launcher . | . . . . Special . | . . . . Kinetic 50 | . 50 . . Thermal 98 | . 32 52 14 Explosive . | . . . . Electromagnetic . | . . . . Robot Hit Streak 13 | . 7 12 13 Robot Miss Streak 5 | . 3 5 1 Penetration Max . | . . . . Secondary Targets . | . . . . Shots Hit Robots 92 | . 48 31 13 Core Hits 39 | . 23 13 3 Critical Kills 1 | . . 1 . Critical Parts Destroyed . | . . . . Critical Strikes 2 | . 1 1 . Burn 1 | . 1 . . Meltdown 1 | . . 1 . Melee Attacks . | . . . . Impact . | . . . . Slashing . | . . . . Piercing . | . . . . Sneak Attacks . | . . . . Combat Hostiles . | . . . . Follow-up Attacks . | . . . . Damage Inflicted 1471 | . 567 634 270 Guns 340 | . 340 . . Cannons 1131 | . 227 634 270 Explosions . | . . . . Melee . | . . . . Ramming . | . . . . Kinetic 258 | . 258 . . Thermal 1213 | . 309 634 270 Explosive . | . . . . Electromagnetic . | . . . . Impact . | . . . . Slashing . | . . . . Piercing . | . . . . Highest Corruption . | . . . . Average Corruption . | . . . . Corruption Purged . | . . . . Corruption Blocked . | . . . . Overload Shots . | . . . . Overflow Damage 3 | . . 3 . Projectiles 3 | . . 3 . Explosions . | . . . . Melee . | . . . . Knockbacks . | . . . . Impact . | . . . . Kinetic . | . . . . Secondary . | . . . . Self-Inflicted Damage . | . . . . Shots . | . . . . Rammed . | . . . . Targets Rammed . | . . . . Kicked . | . . . . Crushed . | . . . . Highest Temperature 446 | . 233 446 40 Average Temperature 118 | . 53 170 19 Received Heat Transfer 426 | . 174 141 111 Effects 8 | . . 8 . Shutdowns 3 | . . 3 . Matter Decay 1 | . . 1 . Short Circuit 2 | . . 2 . Damage (major) 2 | . . 2 . Siege Activations . | . . . . Robots Corrupted . | . . . . Combat Hostiles . | . . . . Parts Fried . | . . . . Impact Corruptions . | . . . . Robots Melted 1 | . . 1 . Combat Hostiles 1 | . . 1 . Parts Melted 6 | . . 6 . Heat Transferred 2332 | . 704 1147 481 Parts Sabotaged . | . . . . Parts Stolen . | . . . . Parts Stripped . | . . . . Power Chain Reactions . | . . . . Alert | -11 -10 -10 -10 ------- Run | Yrd Mat Min Sub Peak Influence 208 | . 208 155 . Initial 1 | . . 1 . Average 84 | . 85 91 . Maximum Alert Level 1 | . 1 . . Low Security (%) 95 | 100 91 100 . Level 1 4 | . 8 . . Level 2 . | . . . . Level 3 . | . . . . Level 4 . | . . . . Level 5 . | . . . . High Security . | . . . . Max Security . | . . . . Squads Dispatched 3 | . 3 . . Investigation 2 | . 2 . . Extermination . | . . . . Reinforcement 1 | . 1 . . Assault . | . . . . Garrison . | . . . . Intercept . | . . . . Searches Triggered . | . . . . Construction Impeded . | . . . . Haulers Reinforced . | . . . . Active Scanning Responses . | . . . . Cargo Convoy Interrupts . | . . . . Stealth | -11 -10 -10 -10 --------- Run | Yrd Mat Min Sub Distress Signals 1 | . 1 . . Communications Jammed . | . . . . Distress Signals . | . . . . Times Spotted 35 | . 19 12 4 Peak Tracking Total 4 | . 3 3 4 Tactical Retreats 1 | . . 1 . Traps | -11 -10 -10 -10 ------- Run | Yrd Mat Min Sub Traps Triggered 1 | . 1 . . Indirectly . | . . . . Trap Hack Attempts . | . . . . Triggered . | . . . . Disarmed . | . . . . Reprogrammed . | . . . . Reused . | . . . . Traps Extracted . | . . . . Installed . | . . . . Triggered . | . . . . Machines | -11 -10 -10 -10 ---------- Run | Yrd Mat Min Sub Machines Disabled 1 | . . 1 . Max in Single Turn 1 | . . 1 . Machines Repaired . | . . . . Machines Dismantled . | . . . . Machines Sabotaged . | . . . . Overloaded Fab Kills . | . . . . Hacking | -11 -10 -10 -10 --------- Run | Yrd Mat Min Sub Machines Accessed 5 | . 4 1 . Terminals 4 | . 4 . . Fabricators . | . . . . Repair Stations . | . . . . Recycling Units . | . . . . Scanalyzers . | . . . . Garrison Access . | . . . . Total Hacks 9 | . 8 1 . Successful 7 | . 6 1 . Failed 2 | . 2 . . Catastrophic . | . . . . Database Lockouts . | . . . . Manual . | . . . . Terminals 8 | . 8 . . Fabricators . | . . . . Repair Stations . | . . . . Recycling Units . | . . . . Scanalyzers . | . . . . Garrison Access . | . . . . Terminal Hacks 7 | . 6 1 . Record 1 | . 1 . . Open Door 1 | . . 1 . Level Access Points 1 | . 1 . . Locate Traps 1 | . 1 . . Hauler Manifests 1 | . 1 . . Registered Components 1 | . 1 . . Zone Layout 1 | . 1 . . Fabricator Hacks . | . . . . Repair Station Hacks . | . . . . Recycling Unit Hacks . | . . . . Scanalyzer . | . . . . Garrison Access Hacks . | . . . . Unauthorized Hacks . | . . . . Terminals . | . . . . Fabricators . | . . . . Repair Stations . | . . . . Recycling Units . | . . . . Scanalyzers . | . . . . Garrison Access . | . . . . Data Cores Recovered . | . . . . Used . | . . . . Hacking Detections 1 | . 1 . . Full Trace Events 1 | . 1 . . Feedback Events . | . . . . Feedback Blocked . | . . . . Robot Schematics Acquired . | . . . . Robots Built . | . . . . Authchips . | . . . . Time . | . . . . Total Robot Build Rating . | . . . . Part Schematics Acquired . | . . . . Parts Built . | . . . . Authchips . | . . . . Time . | . . . . Total Part Build Rating . | . . . . Parts Repaired . | . . . . Time . | . . . . Parts Recycled . | . . . . Recycled Matter . | . . . . Retrieved Matter . | . . . . Retrieved Components . | . . . . Parts Scanalyzed . | . . . . Part Schematics Acquired . | . . . . Parts Damaged . | . . . . Bothacking | -11 -10 -10 -10 ------------ Run | Yrd Mat Min Sub Used RIF Installer . | . . . . Robots Hacked . | . . . . Non-combat . | . . . . Combat . | . . . . Robot Hacks Applied . | . . . . Relay Couplers Released . | . . . . Fabnet Peak Effective % . | . . . . Robots Rewired . | . . . . Allies Hacked . | . . . . Hacks Repelled . | . . . . Allies | -11 -10 -10 -10 -------- Run | Yrd Mat Min Sub Total Allies . | . . . . Largest Group . | . . . . Highest-Rated Group . | . . . . Highest-Rated Ally . | . . . . Total Orders . | . . . . Ally Attacks . | . . . . Total Damage . | . . . . Kills . | . . . . Allies Corrupted . | . . . . Allies Melted . | . . . . Intel | -11 -10 -10 -10 ------- Run | Yrd Mat Min Sub Robot Analysis Total . | . . . . Derelict Logs Recovered 2 | . . 2 . Drone Launches . | . . . . Drone Recoveries . | . . . . Exploration | -11 -10 -10 -10 ------------- Run | Yrd Mat Min Sub Turns Passed 1825 | 75 852 817 81 Spaces Moved 1015 | 50 485 443 37 Core 6 | 6 . . . Treads 760 | . 280 443 37 Legs 249 | 44 205 . . Wheels . | . . . . Hover . | . . . . Flight . | . . . . Fastest Speed 50 | 50 120 160 160 Average Speed 149 | 111 143 160 160 Slowest Speed 240 | 120 160 240 160 Overloaded Moves . | . . . . Propulsion Burnouts . | . . . . Robots Hopped . | . . . . Cave-ins Triggered . | . . . . Exploration Rate (%) 41 | 4 86 70 5 Regions Visited 3 Branch Regions 2 Pre-discovered Areas . | . . . . Known Exits Taken . | . . . . Unknown Exits Taken 3 | 1 1 1 . Scrap Searched 2 | . . 1 1 Spaces Dug . | . . . . Terrain Destroyed . | . . . . Melee . | . . . . Projectile . | . . . . AOE . | . . . . Terrain Rammed . | . . . . Walls Destroyed . | . . . . Machines Disabled . | . . . . Actions | -11 -10 -10 -10 --------- Run | Yrd Mat Min Sub Total 1188 | 69 575 498 46 Wait 20 | 3 7 10 . Move 1012 | 49 484 442 37 Hop . | . . . . Pick Up 36 | 9 22 4 1 Fast Attach . | . . . . Attach 19 | 6 9 4 . Detach . | . . . . Swap 2 | 1 1 . . Drop 13 | 1 9 2 1 Fire 86 | . 43 36 7 Melee . | . . . . Ram . | . . . . Kick . | . . . . Crush . | . . . . Escape Stasis . | . . . . Rewire . | . . . . Trap . | . . . . Miscellaneous . | . . . . Route ------- -11/Scrapyard -10/Materials (discovered 5 exits: *Mat x3 / *Min x2) -10/Mines (discovered 3 exits: *Mat x2 / [*Sub]) -10/Subcaves History --------- Turn | Location | Event 8 | -11/Scrapyard | Discovered new exit (range 15) 76 | -11/Scrapyard | Entered Materials 91 | -10/Materials | Identified exit to Materials 91 | -10/Materials | Discovered new exit (range 15) 300 | -10/Materials | Build established: Mutant 304 | -10/Materials | Discovered new exit (range 15) 928 | -10/Materials | Entered Mines 1091 | -10/Mines | Found a damaged Exp. Sensor Array with a note attached 1094 | -10/Mines | Found Prototype Device 1241 | -10/Mines | Core integrity fell below 50% 1509 | -10/Mines | Discovered exit to Materials (range 9) 1561 | -10/Mines | Found the Drone Emporium 1568 | -10/Mines | Found Prototype Device 1735 | -10/Mines | Discovered new exit (range 6) 1745 | -10/Mines | Entered Subcaves 1814 | -10/Subcaves | Core integrity fell below 20% 1826 | -10/Subcaves | Destroyed by G-47 Trooper with Particle Gun Last Messages --------------- 01568_ Acquired Prototype Device. 01735_ EXIT=FOUND LOCATION=UNKNOWN AMBIENT_HEAT=-10 GOAL=ESCAPE 01765_ Searching scrap... 01765_ Found Battle Rifle. 01765_ Found Sub. Optics. 01765_ Found 20 Matter. 01768_ Dropped Wheel. 01768_ Acquired Sub. Optics. 01772_ Subatomizers dissect the Battle Rifle. 01809_ WJ-2FI(R) destroyed. 01816_ 8P-1HO(R) affixes Scrap Shield Fragment to Scrap Shield. 01821_ Critical hit (Burn: +37). 01822_ Lgt. Nuclear Core destroyed. 01823_ Imp. Treads destroyed. 01824_ Subatomizers dissect the Battle Rifle. Map ----- +----------------------------------------------------+ | ?????????????????????????????????????????????????? | | ?????????????????????????????????????????????????? | | ?????????????????????????????????????????????????? | | ?????????????????????????????????????????????????? | | ?????????????????????????????????????????????????? | | ?????????????????????????????????????????????????? | | ?????????????????????????????????????????????????? | | ?????????????????????????????????????????????????? | | ?????????????????????????????????????????????????? | | ?????????????????????????????????????????????????? | | ?????????????????????????????????????????????????? | | ??????????????????????????###????????????????????? | | ??????????????????????????# ##???????????????????? | | ??????????????????????????# ###???????##????????? | | ?????????????????????????## #??????# ##???????? | | ?????????????????????????# ##????# ????????? | | ?????????????????????????# #???# #????????? | | ?????????????????????????# #?## #?????????? | | ?????????????????????????# #??# #?????????? | | ?????????????????????????# #??# #?????????? | | ?????????????????????????# #### #?????????? | | ??????????????????????#### ## #??????????? | | ????????????????????### #???????????? | | ???????????????????## #??#####??### | | ???????????????????# [ #?## ### | | ??????????????????## @ % ### | | ??????????????##### ## #? | | ??????????????# =### # #? | | ????????????# #### g#?## # # ## #? | | ???????? R* #??# g ### ### ##? | | ???????# $! # ###??## ## #??##?? | | ????? ## ####??????#### ## ### ?????? | | ?????? # ??#??????????????# ### ?# ##????? | | ???????#???????????????????? ##? # ?????? | | ??????????????????????????? ####?## ## #?????? | | ???????????????????????????# ##?????? ? ?????? | | ???????????????????????????##???????? ?## ?????? | | ????????????????????????????????????# #??? ?????? | | ????????????????????????????????????# ???#?????? | | ???????????????????????????????????? #?????????? | | ????????????????????????????????????# ??????????? | | ????????????????????????????????????? ??????????? | | ?????????????????????????????????????????????????? | | ?????????????????????????????????????????????????? | | ?????????????????????????????????????????????????? | | ?????????????????????????????????????????????????? | | ?????????????????????????????????????????????????? | | ?????????????????????????????????????????????????? | | ?????????????????????????????????????????????????? | | ?????????????????????????????????????????????????? | +----------------------------------------------------+ Best States ------------- Heat Dissipation 39 Energy Generation 14 Energy Capacity 250 Matter Stores 300 Matter Capacity 300 Sight Range 16 Terrain Scan Density 10 Evasion (%) 55 Targeting Accuracy 5 Recoil Reduction 2 Item Schematics ----------------- None Robot Schematics ------------------ None Fabricated ------------ Nothing Alien Tech Used ----------------- None Achievements -------------- None Challenges ------------ None Game ------ Seed MicrowarpBiocellAutohacker Manual? 0 Play Time 00:14:39 Cumulative 25.6 hours Start 2024.04.02 @ 23:17:50 End 2024.04.02 @ 23:35:00 Sessions 1 Manual Loads 0 Difficulty Rogue Special Mode None Game No. 35 Rogue 35 Adventurer 0 Explorer 0 Win Type - Total 1 Types 1/0/0/0/0/0/0/0/0 Lore% 18 Gallery% 21 Achievement% 23 Wizard Run 0 Options --------- Layout 1 ASCII 0 Keyboard 0 Movement Mouse Keybinds 0 Fullscreen 2 Font 32/Smallcaps Map View 50x40 Zoom Use 0% Tactical HUD 1 Map Filters NONE Filters NONE Steam 1 RUN: 97d29f08-1a39-43f4-9d5c-b6ad9607b422